 Dungeon Crawl Stone Soup version 0.20-a0-924-gfa95efa (webtiles) character file.

142 JeffiDaFish the Skirmisher (level 5, -2/33 HPs)
             Began as a Gargoyle Fighter on Mar 28, 2017.
             Slain by a gnoll
             ... wielding a +0 halberd
              (6 damage)
             ... on level 2 of the Dungeon.
             The game lasted 00:02:09 (1304 turns).

JeffiDaFish the Skirmisher (Gargoyle Fighter)       Turns: 1304, Time: 00:02:09

Health: -2/33      AC: 11    Str: 25    XL:     5   Next: 24%
Magic:  5/5        EV:  8    Int:  8    God:
Gold:   33         SH: 10    Dex: 10    Spells: 4/4 levels left

rFire    . . .     SeeInvis .   a - +0 flail
rCold    . . .     Gourm    .   c - +0 shield
rNeg     + . .     Faith    .   b - +0 scale mail
rPois    ∞         Spirit   .   (no helmet)
rElec    +         Reflect  .   (no cloak)
rCorr    .         Harm     .   (no gloves)
MR       .....                  (no boots)
Stlth    ..........             (no amulet)
Regen    0.2/turn               (no ring)
MPRegen  0.1/turn               (no ring)

@: mighty
A: negative energy resistance 1, electricity resistance, unbreathing,
petrification resistance, rot immunity, AC +4
a: no special abilities


You were on level 2 of the Dungeon.
You were not hungry.

You visited 1 branch of the dungeon, and saw 2 of its levels.

You collected 33 gold pieces.

Inventory:

Hand Weapons
 a - a +0 flail (weapon)
Armour
 b - a +0 scale mail (worn)
 c - a +0 shield (worn)
Scrolls
 e - a scroll of teleportation
Comestibles
 f - 3 bread rations
 g - 2 meat rations
 h - 9 chunks of flesh


   Skills:
 + Level 4.0 Fighting
 + Level 3.4 Maces & Flails
 + Level 4.0 Armour
 + Level 1.1 Dodging
 + Level 3.9 Shields


You had 4 spell levels left.
You didn't know any spells.

Dungeon Overview and Level Annotations

Branches:
Dungeon (2/15)

Altars:
Qazlal


Innate Abilities, Weirdness & Mutations

You are resistant to torment.
Your stone body is resilient. (AC +4)
You are immune to poison.
You resist negative energy. (rN+)
You are resistant to electric shocks. (rElec)
You can survive without breathing.
You are immune to petrification.
You are immune to rotting.


Message History

You are too injured to fight recklessly!
You are too injured to fight recklessly!
You are too injured to fight recklessly!
You are too injured to fight recklessly!
You are too injured to fight recklessly!
You are too injured to fight recklessly!
The gnoll shouts!
You hit the gnoll.
The gnoll is almost dead.
The gnoll hits you with a halberd!
* * * LOW HITPOINT WARNING * * *
You sock the gnoll!
You kill the gnoll!
You block the gnoll's attack.
An adder comes into view.
You feel very mighty all of a sudden.
The adder hisses angrily.
You block the gnoll's attack. The gnoll hits you with a halberd.
You die...

###.# ..#.#
###.#.#
..#.#.#
#.#.#.#
#)#.#.#
#?#.#.#####.#
#.#...))@gS.#
#...#.#######
#######'#.#
#.........#
#......(..#
#.........###
#............
#........####
#........#


You could see a gnoll and an adder.

Vanquished Creatures
  3 adders (D:2)
  6 gnolls (D:2)
  A dart slug (D:2)
  2 leopard geckos (D:2)
  6 giant cockroaches (D:1)
  2 goblins (D:1)
  10 hobgoblins
  6 jackals (D:2)
  3 bats
  5 frilled lizards
  4 kobolds
  3 rats
51 creatures vanquished.

Notes
Turn   | Place    | Note
-------+----------+-------------------------------------------
     0 | D:1      | JeffiDaFish the Gargoyle Fighter began the quest for the Orb.
     0 | D:1      | Reached XP level 1. HP: 14/14 MP: 1/1
    73 | D:1      | Reached XP level 2. HP: 15/19 MP: 2/2
   467 | D:1      | Reached XP level 3. HP: 24/24 MP: 3/3
   843 | D:2      | Noticed an earth elemental
   849 | D:2      | Reached XP level 4. HP: 28/29 MP: 4/4
   866 | D:2      | Reached skill level 1 in Dodging
  1144 | D:2      | Noticed a water elemental
  1146 | D:2      | Found a stormy altar of Qazlal.
  1147 | D:2      | Noticed a fire elemental
  1147 | D:2      | Noticed an air elemental
  1295 | D:2      | Reached XP level 5. HP: 27/33 MP: 5/5
  1304 | D:2      | Slain by a gnoll

Vault maps used:
D:1:      minmay_arrival_arboretum_small
D:2:      nicolae_qazlal_style_of_elements

Skill      XL: |  1  2  3  4 |
---------------+-------------+-----
Dodging        | 1 |  1.1
Maces & Flails | 3 |  3.4
Armour         | 4 |  4.0
Fighting       | 4 |  4.0
Shields        | |  3.9

Action                   |  1- 3 |  4- 6 || total
-------------------------+-------+-------++-------
Melee: Flail             |   129 |    70 ||   199
  Use: Scroll            |     1 |     1 ||     2
       Potion            |       |     2 ||     2
  Eat: Chunk             |       |     2 ||     2
Armor: Scale mail        |    98 |    60 ||   158
Dodge: Dodged            |    54 |    26 ||    80
Block: Shield            |    86 |    39 ||   125
